 Dungeon Sprint DCSS version 0.17-a0-1337-ge651487 (webtiles) character file.

1712 Kidiri the Covert (level 8, -1/36 HPs)
             Began as a Spriggan Enchanter on June 10, 2015.
             Was a Follower of Dithmenos.
             Shot with an arrow by a centaur warrior (18 damage)
             ... in the Dungeon (Sprint I: "Red Sonja").
             The game lasted 00:03:06 (610 turns).

Kidiri the Covert (Spriggan Enchanter)               Turns: 610, Time: 00:03:06

Health: -1/36      AC:  5    Str:  4    XL:     8   Next: 74%
Magic:  14/23      EV: 28    Int: 17    God:    Dithmenos [*.....]
Gold:   354        SH:  0    Dex: 18    Spells: 5 memorised, 15 levels left

rFire  . . .     SeeInvis +     a - +1 dagger
rCold  . . .     Clarity  .     q - +2 robe of Failure {MR+}
rNeg   . . .     SustAt   .     (shield restricted)
rPois  .         Gourm    .     (helmet restricted)
rElec  .         Spirit   .     o - +0 cloak
rCorr  .         Warding  .     (gloves unavailable)
rMut   .         NoTele   +     (boots unavailable)
MR     ++...                    (no amulet)
Stlth  +++++++...               (no ring)
                                (no ring)

@: wreathed by umbra, very quick, very resistant to hostile enchantments,
extremely stealthy
A: unfitting armour, see invisible, herbivore 3, speed 3, slow metabolism 2
a: Renounce Religion


You were in the Dungeon.
You worshipped Dithmenos.
Dithmenos was aware of your devotion.
You were not hungry.

You visited 1 branch You collected 655 gold pieces.
You spent 301 gold pieces at shops.

Inventory:

Hand weapons
 a - a +1 dagger (weapon)
 m - a +0 short sword of distortion
Missiles
 n - 8 curare-tipped needles
Armour
 o - a +0 cloak (worn)
 q - the +2 robe of Failure (worn) {MR+}
   (You bought it in a shop in the Dungeon)

   It affects your resistance to hostile enchantments.
Magical devices
 k - a wand of teleportation (2)
 l - a wand of teleportation (4)
Scrolls
 b - a scroll of identify {unknown}
 j - a scroll of blinking
 p - a scroll of summoning {unknown}
 r - a scroll of immolation {unknown}
 s - a scroll of recharging {unknown}
Potions
 e - a potion of curing
 g - a potion of haste
 h - 2 potions of magic
 i - a potion of berserk rage
Books
 c - a book of Maledictions

   Spells                             Type                      Level
   a - Corona                         Hexes                        1
   b - Ensorcelled Hibernation        Hexes/Ice                    2
   c - Confuse                        Hexes                        3
   d - Tukima's Dance                 Hexes                        3
   e - Dazzling Spray                 Conjuration/Hexes            3
Comestibles
 d - a bread ration


   Skills:
 * Level 9.2 Short Blades
 + Level 2.0 Throwing
 * Level 12.0 Dodging
 * Level 13.1 Stealth
 * Level 10.3 Spellcasting
 + Level 3.6 Conjurations
 + Level 8.0 Hexes
 + Level 4.5 Ice Magic
 + Level 3.6 Invocations


You had 15 spell levels left.
You knew the following spells:

 Your Spells              Type           Power        Failure   Level  Hunger
a - Corona                Hex            #####..      1%          1    None
b - Ensorcelled Hibernat  Hex/Ice        ####..       1%          2    None
c - Confuse               Hex            #####...     1%          3    None
d - Tukima's Dance        Hex            #####...     1%          3    None
e - Dazzling Spray        Conj/Hex       ####....     2%          3    None


Dungeon Overview and Level Annotations

Branches:
Dungeon (1/1)

Altars:
Cheibriados
Dithmenos
Elyvilon
Fedhas
Gozag
Kikubaaqudgha
Makhleb
Nemelex Xobeh
Okawaru
Qazlal
Ru
Sif Muna
Trog
Vehumet
Xom
Yredelemnul
Zin
The Shining One
Jiyva

Shops:
D [%[


Innate Abilities, Weirdness & Mutations

You are tiny and cannot use many weapons and most armour.
You have supernaturally acute eyesight.
You are a herbivore.
You cover ground extremely quickly.
You need consume almost no food.


Message History

Aiming: Confuse
Press: ? - help, Shift-Dir - straight line, f/p - centaur warrior
Aim: a centaur warrior (purple smoke, umbra, chance to defeat MR: 47%)
The centaur warrior resists with some effort.
The centaur warrior completely misses you.
The centaur warrior misses you. The centaur warrior hits you!
* * * LOW HITPOINT WARNING * * *
Unknown command.
Drink which item? (? for menu, Esc to quit)
You feel much better. The centaur warrior closely misses you.
The centaur warrior misses you. The centaur warrior closely misses you.
You enter the shallow water.
Moving in this stuff is going to be slow.
The centaur warrior hits you!
The centaur warrior wields a shortbow.
The centaur warrior shoots an arrow.
The arrow closely misses you.
You hear a splash.
The centaur warrior wields an uncursed shortbow.
The centaur warrior shoots an arrow.
The arrow hits you!!
Ouch! That really hurt!
You die...

#####################
<.#..'..#.)'..#__#..+
..'..#.)'..#..+^.'..#
..#####'#####'#__####
..####..#...#.####§§#
..#__####..##.#≈§§§§#
..#_..__##+#..+§§§c.+
⌠⌠#_.∩...+..._#§§§§c#
###_..._##_.#+##@####
#_____###'#%#....###
###########.####'###[##
∩........+...'..[..+.∩#
##++++####.).##########
##.## #+#


You could see a centaur warrior.

Vanquished Creatures
  Sonja (D)
  A deep troll (D)
  A slime creature (D)
  Sigmund (D)
  A yak (D)
  An ogre (D)
  Ijyb (D)
  A jelly (D)
8 creatures vanquished.

Notes
Turn   | Place    | Note
--------------------------------------------------------------
     0 | D        | Kidiri the Spriggan Enchanter began the quest for the Orb.
     0 | D        | Reached XP level 1. HP: 9/9 MP: 5/5
     2 | D        | Noticed Ijyb
    18 | D        | Killed Ijyb
    18 | D        | Reached skill level 6 in Stealth
    18 | D        | Reached XP level 2. HP: 11/13 MP: 5/8
    22 | D        | Learned a level 2 spell: Ensorcelled Hibernation
    73 | D        | Noticed an ogre
    76 | D        | Killed an ogre
    76 | D        | Reached skill level 7 in Stealth
    76 | D        | Reached skill level 5 in Spellcasting
    76 | D        | Reached skill level 5 in Hexes
    76 | D        | Reached skill level 1 in Ice Magic
    76 | D        | Reached XP level 3. HP: 16/16 MP: 9/11
    76 | D        | Reached XP level 4. HP: 21/21 MP: 9/12
    81 | D        | Learned a level 3 spell: Confuse
    85 | D        | Learned a level 3 spell: Tukima's Dance
    89 | D        | Learned a level 3 spell: Dazzling Spray
   105 | D        | Noticed Sigmund
   108 | D        | Killed Sigmund
   108 | D        | Reached skill level 8 in Dodging
   108 | D        | Reached skill level 9 in Stealth
   108 | D        | Reached skill level 1 in Conjurations
   108 | D        | Reached XP level 5. HP: 24/24 MP: 12/15
   108 | D        | Reached XP level 6. HP: 28/28 MP: 13/17
   147 | D        | Found a snail-covered altar of Cheibriados.
   147 | D        | Found a viscous altar of Jiyva.
   147 | D        | Found a shadowy altar of Dithmenos.
   147 | D        | Found a blossoming altar of Fedhas.
   147 | D        | Noticed a slime creature
   150 | D        | Killed a slime creature
   150 | D        | Reached skill level 10 in Stealth
   152 | D        | Became a worshipper of Dithmenos the Shadowed
   229 | D        | Found a deep blue altar of Sif Muna.
   230 | D        | Noticed a jelly
   231 | D        | Found a radiant altar of Vehumet.
   235 | D        | Killed a jelly
   272 | D        | Found Utuny's Food Emporium.
   272 | D        | Found a white marble altar of Elyvilon.
   272 | D        | Found a stormy altar of Qazlal.
   272 | D        | Found a burning altar of Makhleb.
   272 | D        | Found a sacrificial altar of Ru.
   272 | D        | Found a basalt altar of Yredelemnul.
   272 | D        | Found a glowing golden altar of the Shining One.
   272 | D        | Found a sparkling altar of Nemelex Xobeh.
   272 | D        | Found a shimmering altar of Xom.
   272 | D        | Found an opulent altar of Gozag.
   272 | D        | Found an ancient bone altar of Kikubaaqudgha.
   272 | D        | Found a glowing silver altar of Zin.
   272 | D        | Noticed a yak
   273 | D        | Found an iron altar of Okawaru.
   274 | D        | Killed a yak
   274 | D        | Reached skill level 10 in Dodging
   274 | D        | Reached skill level 11 in Stealth
   274 | D        | Reached skill level 1 in Invocations
   274 | D        | Reached XP level 7. HP: 32/32 MP: 20/20
   275 | D        | Found a bloodstained altar of Trog.
   387 | D        | Noticed Sonja
   391 | D        | Killed Sonja
   391 | D        | Reached skill level 12 in Stealth
   391 | D        | Reached XP level 8. HP: 36/36 MP: 20/22
   409 | D        | Found Yrhetigaip's Armour Boutique.
   421 | D        | Bought a +0 cloak for 45 gold pieces
   441 | D        | Noticed a deep troll
   445 | D        | Killed a deep troll
   445 | D        | Reached skill level 13 in Stealth
   445 | D        | Reached skill level 10 in Spellcasting
   458 | D        | Found Voxkunk's Armour Emporium.
   468 | D        | Bought the +2 robe of Failure {MR+} for 256 gold pieces
   600 | D        | Noticed a centaur warrior
   602 | D        | Noticed a centaur warrior
   610 | D        | Shot with an arrow by a centaur warrior

Vault maps used:
D:        dungeon_sprint_1

Action                   |  1- 3 |  4- 6 |  7- 9 || total
-------------------------+-------+-------+-------++-------
Melee: Dagger            |    11 |     4 |     3 ||    18
 Cast: Corona            |     1 |       |       ||     1
       Tukima's Dance    |       |       |     2 ||     2
       Confuse           |       |       |     1 ||     1
  Use: Potion            |       |       |     1 ||     1
 Stab: Sleeping          |     2 |     4 |     2 ||     8
